 Dungeon Crawl Stone Soup version 0.21-a0-516-gaaff437 (webtiles) character file.

70 4thArraOfDagon the Skirmisher (level 4, 0/40 HPs)
             Began as a Minotaur Abyssal Knight on Dec 3, 2017.
             Was a Believer of Lugonu.
             Slain by a hobgoblin
             ... wielding a +0 club
              (2 damage)
             ... on level 3 of the Dungeon.
             The game lasted 00:03:48 (673 turns).

4thArraOfDagon the Skirmisher (MiAK)                 Turns: 673, Time: 00:03:49

Health: 0/40       AC:  0    Str: 16    XL:     4   Next: 4%
Magic:  4/4        EV: 12    Int: 10    God:    Lugonu [**....]
Gold:   93         SH:  0    Dex: 10    Spells: 3/3 levels left

rFire    . . .     SeeInvis .   a - +1 hand axe
rCold    . . .     Gourm    .   (no shield)
rNeg     . . .     Faith    .   (no armour)
rPois    .         Spirit   .   (helmet restricted)
rElec    .         Reflect  .   (no cloak)
rCorr    +         Harm     .   (no gloves)
MR       .....                  (no boots)
Stlth    +.........             (no amulet)
HPRegen  0.13/turn              f - ring of resist corrosion
MPRegen  0.09/turn              (no ring)

@: no status effects
A: retaliatory headbutt, horns 2
a: Depart the Abyss, Bend Space, Renounce Religion


You were on level 3 of the Dungeon.
You worshipped Lugonu.
Lugonu was pleased with you.
You were not hungry.

You visited 1 branch of the dungeon, and saw 3 of its levels.
You visited the Abyss 1 time.

You collected 93 gold pieces.

Inventory:

Hand Weapons
 a - a +1 hand axe (weapon)
Armour
 b - a +0 leather armour
 k - a +0 chain mail
Jewellery
 f - a ring of resist corrosion (left hand)
Scrolls
 d - 5 scrolls of identify {unknown}
 e - 2 scrolls of remove curse {unknown}
 g - a scroll of amnesia {unknown}
 i - a scroll of enchant weapon {unknown}
Potions
 h - 2 potions of heal wounds {unknown}
 j - a potion of berserk rage {unknown}
Comestibles
 c - 2 bread rations


   Skills:
 + Level 4.2 Fighting
 * Level 3.6 Axes
 + Level 3.1 Armour
 + Level 1.9 Dodging
 + Level 2.2 Invocations


You had 3 spell levels left.
You didn't know any spells.

Dungeon Overview and Level Annotations

Branches:
Dungeon (3/15)

Altars:


Innate Abilities, Weirdness & Mutations

You reflexively headbutt those who attack you in melee.
You have a pair of horns on your head.


Message History

You feel agile.
You hit the orc.
You kill the orc!
Lugonu accepts your kill.
You see here a chain mail.
k - a chain mail Wear which item? (? for menu, Esc to quit)
Keep disrobing? [Y]es or [N]o only, please.
Keep disrobing?
You start removing your armour.
You continue taking off your +0 leather armour.
The hobgoblin shouts!
You continue taking off your +0 leather armour. x3
The hobgoblin hits you with a club.
* * * LOW HITPOINT WARNING * * *
You finish taking off your +0 leather armour.
Unknown command.
The hobgoblin hits you with a club.
You die...

######.###
#.........
#.####.### #.#
#.# #.# #.# #.#
#.## #
##.####..##....
#.....g@.....#
#..#####.##.##
#..#####.#
#...)....##.
#<.)........
#.#####..###
#.# .# #.# ##
#.


You could see a hobgoblin.

Vanquished Creatures
  An ooze (D:3)
  2 worms (D:2)
  2 dart slugs (D:1)
  2 leopard geckos (D:2)
  4 orcs (D:3)
  A ball python (D:1)
  4 giant cockroaches
  3 hobgoblins
  3 jackals (D:2)
  A quokka (D:2)
  4 bats
  A frilled lizard (D:1)
  7 goblins
  6 kobolds
  8 rats
49 creatures vanquished.

Notes
Turn   | Place    | Note
-------+----------+-------------------------------------------
     0 | Abyss:1  | 4thArraOfDagon the Minotaur Abyssal Knight began the quest for the Orb.
     0 | Abyss:1  | Reached XP level 1. HP: 19/19 MP: 1/1
    38 | Abyss:1  | Noticed a raiju
    38 | Abyss:1  | Noticed a spatial vortex
    39 | Abyss:1  | Noticed a spatial vortex
    41 | Abyss:1  | Noticed a ynoxinul
    42 | D:1      | Escaped the Abyss
   124 | D:1      | Reached * piety under Lugonu
   127 | D:1      | Reached XP level 2. HP: 26/27 MP: 2/2
   322 | D:2      | Reached skill level 4 in Fighting
   367 | D:2      | Reached XP level 3. HP: 25/33 MP: 3/3
   458 | D:2      | Reached ** piety under Lugonu
   513 | D:1      | p0werm0de: arra did ya see turgons game
   567 | D:2      | p0werm0de: he has +9 exec axe of speed *corrode +8 int
   567 | D:2      | 4thArraOfDagon: no, whatsup
   576 | D:2      | p0werm0de: DD game
   584 | D:2      | 4thArraOfDagon: ohh
   584 | D:2      | 4thArraOfDagon: w00t
   584 | D:2      | p0werm0de: :>
   614 | D:2      | tidbits: !stalk turgon
   620 | D:2      | beem: Turgon the L19 DDFi^Makh in Vaults:5 (cxc tiles), T:14395, runes: 2 (serpentine, decaying), defenses: 37/14/0, stats: 28/19/12, >15 skills: Fighting,Axes
   620 | D:2      | jacquesderrida: Daganz
   628 | D:2      | ReniFell: &dump turgon
   630 | D:2      | beem: http://CRAWL.XTAHUA.COM/crawl/morgue/Turgon/Turgon.txt
   630 | D:2      | ReniFell: for fucks sake
   638 | D:3      | p0werm0de: ;D
   638 | D:3      | jacquesderrida: Drink sake
   658 | D:3      | Reached XP level 4. HP: 3/40 MP: 4/4
   665 | D:3      | tidbits: he forgot the slimy rune
   665 | D:3      | HP: 1/40 [hobgoblin/club (4)]
   673 | D:3      | Slain by a hobgoblin

Vault maps used:
D:1:      dpeg_arrival_orchard, minmay_tiny_reverse_x
D:2:      first_bread, serial_bayou_lagoon_a

Skill      XL: |  1  2  3 |
---------------+----------+-----
Invocations    | 2 |  2.2
Axes           | 3 |  3.6
Fighting       | 4 |  4.2
Armour         | 3 |  3.1
Dodging        | |  1.9

Action                   |  1- 3 |  4- 6 || total
-------------------------+-------+-------++-------
Melee: Hand axe          |   113 |       ||   113
       Headbutt          |    12 |       ||    12
Invok: Depart the Abyss  |     1 |       ||     1
  Eat: Fruit             |     2 |       ||     2
Armor: Leather armour    |    20 |       ||    20
Dodge: Dodged            |    60 |       ||    60

Table legend:
 A = Spawn XP
 B = Non-spawn XP
 C = Spawn XP percentage of total XP
 D = Spawn monster count
 E = Non-spawn monster count
 F = Spawn count percentage of total count
 G = Total turns spent on level
                    A         B        C        D         E        F      G
               +---------+---------+-------+---------+---------+-------+---------
         Total |       0 |     101 |   0.0 |       0 |      49 |   0.0 |   673
               +---------+---------+-------+---------+---------+-------+---------
           D:1 |       0 |      28 |   0.0 |       0 |      18 |   0.0 |   286
           D:2 |       0 |      54 |   0.0 |       0 |      26 |   0.0 |   309
           D:3 |       0 |      19 |   0.0 |       0 |       5 |   0.0 |    36
               +---------+---------+-------+---------+---------+-------+---------
